Map: 드림캐처 - 래더

Players

PartinG - Winner!

  • Race: Protoss Protoss
  • League: Grandmaster
  • Spawn Location: 11:00

FanTaSy

  • Race: Terran Terran
  • League: Diamond
  • Spawn Location: 5:00

Event: HomeStory Cup XVII

VOD

Have the link to the VOD?

Description

Time

  • Played on: June 30, 2018, 4:25 p.m.
  • Length: 16:07

All games in this series

Show
View Real Time Build Order
Export as new Build Order

PartinG Protoss - Winner!

Build Orders: Blink Stalkers 

Get SALT Encoding   

  12  0:00  Probe  
  13  0:12  Probe  
  14  0:17  Pylon  
  14  0:25  Probe  
  15  0:35  Gateway  
  15  0:40  Assimilator  
  15  0:43  Probe  
  16  0:52  Pylon  
  16  0:55  Probe  
  17  1:07  Probe  
  18  1:11  Gateway  
  18  1:23  Cybernetics Core  
  18  1:29  Zealot  
  20  1:33  Probe  
  21  1:45  Probe  
  22  1:49  Stalker x2  
  22  2:00  Warp Gate  
  26  2:05  Probe  
  26  2:08  Assimilator  
  27  2:11  Stalker  
  29  2:27  Probe  
  29  2:28  Pylon  
  30  2:32  Pylon  
  30  2:46  Stalker  
  32  2:54  Shield Battery  
  32  2:57  Probe  
  33  3:09  Probe, Twilight Council  
  34  3:19  Blink  
  34  3:23  Probe  
  35  3:42  Nexus  
  35  3:52  Probe  
  36  3:59  Robotics Facility  
  36  4:04  Probe  
  36  4:08  Stalker  
  39  4:14  Pylon  
  39  4:21  Stalker  
  41  4:29  Probe  
  42  4:34  Stalker  
  44  4:42  Gateway  
  44  4:43  Probe  
  45  4:46  Observer  
  45  4:51  Stalker  
  48  5:06  Stalker  
  42  5:14  Pylon  
  41  5:35  Probe x2  
  43  5:36  Pylon  
  43  5:37  Stalker  
  45  5:47  Probe x2  
  47  5:50  Observer  
  48  5:58  Stalker  
  48  5:59  Zealot  
  52  6:05  Probe x2  
  54  6:17  Probe  
  54  6:18  Probe  
  53  6:30  Probe x2  
  53  6:31  Pylon  
  54  6:33  Pylon  
  54  6:35  Observer  
  54  6:39  Stalker  
  54  6:45  Warp Prism  
  54  6:49  Probe  
  54  6:52  Stalker  
  57  6:58  Probe  
  57  6:59  Probe  
  57  7:00  Gateway  
  59  7:07  Probe x2  
  63  7:17  Probe x2  
  63  7:18  Assimilator  
  63  7:20  Pylon  
  63  7:22  Assimilator  
  65  7:25  Observer  
  65  7:29  Robotics Bay  
  65  7:32  Probe x2  
  67  7:38  Pylon  
  67  7:49  Adept x2  
  69  7:53  Probe x2  
  67  8:08  Probe x2  
  67  8:09  Stalker x2  
  67  8:10  Disruptor, Stalker  
  65  8:20  Probe  
  65  8:21  Probe  
  70  8:32  Observer  
  64  8:43  Probe x2  
  64  8:44  Stalker x3  
  72  8:49  Gateway  
  72  8:51  Disruptor, Gateway, Forge  
  72  8:53  Gateway  
  72  8:58  Forge  
  72  9:02  Pylon  
  75  9:10  Adept x3  
  75  9:12  Probe x2, Protoss Ground Weapons Level 1  
  83  9:20  Disruptor  
  83  9:23  Protoss Ground Armor Level 1  
  86  9:35  Nexus  
  86  9:37  Observer, Pylon  
  84  9:48  Probe x2  
  84  10:01  Stalker  
  84  10:02  Stalker x3  
  84  10:03  Zealot x2  
  84  10:04  Probe x2  
  84  10:05  Warp Prism  
  88  10:16  Observer  
  88  10:27  Stalker x4  
  86  10:30  Observer  
  86  10:32  Stalker  
  86  10:35  Stalker  
  90  10:48  Pylon  
  90  10:54  Stalker x3  
  96  11:02  Stalker x2  
  100  11:10  Stalker  
  102  11:13  Protoss Ground Weapons Level 2  
  84  11:28  Stalker x2  
  84  11:29  Stalker x3  
  86  11:39  Stalker  
  88  11:41  Observer  
  88  11:46  Protoss Ground Armor Level 2  
  88  11:55  Stalker x3  
  94  12:03  Pylon  
  94  12:04  Nexus  
  94  12:13  Stalker x2  
  94  12:14  Zealot  
  100  12:20  Stalker  
  100  12:21  Observer, Zealot  
  102  12:32  Stalker  
  102  12:35  Probe x2  
  106  12:38  Assimilator  
  106  12:41  Assimilator  
  106  12:44  Charge  
  106  12:46  Gateway  
  106  12:49  Gateway  
  106  12:51  Stalker x5  
  108  13:10  Zealot  
  110  13:23  Zealot x5  
  109  13:36  Gravitic Drive  
  109  13:40  Zealot  
  107  13:51  Zealot x6  
  107  13:52  Zealot  
  116  13:56  Probe x3  
  116  13:58  Warp Prism  
  113  14:09  Zealot  
  109  14:11  Pylon  
  109  14:12  Zealot x4  
  109  14:13  Zealot x3  
  119  14:28  Probe  
  111  14:36  Probe  
  102  14:40  Zealot x8  
  102  14:43  Observer  
  115  14:50  Probe x3  
  100  15:08  Stalker x7  
  100  15:10  Sentry  
  102  15:32  Zealot x7  
  102  15:33  Zealot  
  107  15:52  Stalker x4  
  107  15:53  Stalker x3  
Show
View Real Time Build Order
Export as new Build Order

FanTaSy Terran 

Build Orders: Cyclone Opening, Gas First Reaper Expand, Reaper Expand, MMM Bio 

Get SALT Encoding   

  12  0:00  SCV  
  13  0:12  SCV  
  14  0:17  Supply Depot  
  14  0:25  SCV  
  15  0:28  Refinery  
  15  0:38  SCV  
  16  0:44  Barracks  
  16  0:50  SCV  
  17  1:03  SCV  
  18  1:15  SCV  
  19  1:31  Orbital Command, Reaper  
  20  1:49  Command Center  
  20  1:54  Factory  
  20  1:58  SCV  
  21  2:04  Refinery  
  21  2:07  Barracks Reactor  
  21  2:10  SCV  
  22  2:17  Supply Depot  
  22  2:24  SCV  
  22  2:25  Bunker  
  23  2:38  SCV  
  23  2:45  Marine x2  
  23  2:47  Cyclone  
  23  2:50  SCV  
  24  3:02  SCV  
  24  3:03  Marine x2  
  27  3:12  Starport  
  27  3:14  SCV  
  28  3:22  Marine x2  
  28  3:26  SCV  
  31  3:34  Supply Depot  
  31  3:56  Cyclone, Medivac, SCV  
  31  4:00  Supply Depot  
  31  4:01  Marine x2  
  39  4:15  Supply Depot  
  39  4:18  Liberator  
  39  4:22  SCV  
  42  4:33  Marine x2  
  42  4:34  Factory Tech Lab, SCV  
  46  4:49  Command Center  
  46  4:57  Siege Tank  
  49  5:02  Marine x2  
  49  5:06  SCV  
  51  5:21  SCV  
  52  5:23  Marine x2  
  54  5:34  SCV  
  55  5:38  Starport Tech Lab  
  55  5:41  Supply Depot  
  55  5:55  SCV  
  55  5:59  Marine  
  55  6:00  Siege Tank, Marine, Raven  
  55  6:02  SCV  
  62  6:08  SCV  
  63  6:14  SCV  
  63  6:16  Marine  
  63  6:18  Marine  
  57  6:20  SCV  
  58  6:32  SCV  
  50  6:41  Orbital Command  
  50  6:44  SCV  
  50  6:49  Barracks  
  50  6:52  Barracks  
  49  6:56  Marine, SCV  
  49  6:57  Stimpack  
  49  7:00  Engineering Bay, Starport Reactor  
  51  7:06  Orbital Command  
  51  7:08  SCV  
  52  7:14  Marine  
  53  7:20  SCV  
  54  7:27  Terran Infantry Weapons Level 1  
  54  7:32  SCV x2  
  60  7:37  Marauder x2  
  60  7:41  Refinery  
  58  7:44  SCV x2  
  58  7:56  Marine, SCV x2  
  62  7:58  Marauder x2  
  62  8:05  Medivac  
  63  8:08  SCV x2  
  61  8:20  SCV  
  61  8:21  Marine x2, Marauder, SCV  
  61  8:22  Barracks Tech Lab  
  67  8:33  SCV x2  
  66  8:40  Marine x2  
  66  8:41  Combat Shields  
  65  8:42  Marauder x2  
  65  8:45  SCV x2  
  70  8:49  Medivac  
  70  8:52  Supply Depot x2  
  72  8:57  SCV  
  72  8:58  Concussive Shells  
  72  9:01  SCV  
  74  9:04  Medivac  
  74  9:05  Command Center  
  75  9:18  Marine x2  
  75  9:19  Marauder x2, SCV x2  
  82  9:25  Medivac  
  83  9:31  SCV x2  
  83  9:45  Marine x2, Marauder x2  
  87  9:47  SCV x2  
  89  9:56  Supply Depot  
  89  9:57  Refinery, Supply Depot  
  89  9:59  Medivac  
  90  10:06  SCV x2  
  92  10:08  Barracks x2  
  88  10:15  Marine x2  
  88  10:16  Marauder x2  
  88  10:18  SCV x2  
  92  10:37  Factory Tech Lab  
  92  10:38  SCV x2  
  92  10:41  Orbital Command  
  94  10:52  Marine x2, Marauder x2  
  94  10:56  Siege Tank  
  103  10:58  SCV x2  
  103  11:00  Barracks Reactor  
  103  11:01  Barracks Tech Lab  
  105  11:04  Supply Depot  
  105  11:05  Supply Depot  
  105  11:13  Marauder, Marine x2  
  105  11:14  Marauder  
  105  11:15  SCV x2  
  113  11:23  Medivac  
  98  11:28  Siege Tank  
  98  11:31  SCV x2  
  98  11:32  Orbital Command  
  93  11:35  Marauder  
  93  11:37  Marine x4, Marauder x2  
  100  11:45  SCV x2  
  102  11:56  Marauder  
  102  11:58  Marauder x2  
  102  11:59  Marine x4  
  112  12:02  Siege Tank  
  112  12:06  Refinery  
  112  12:07  Refinery, Terran Infantry Armor Level 1  
  115  12:13  Medivac x2  
  119  12:17  Marauder  
  119  12:19  Supply Depot x2  
  118  12:25  Marine x2  
  118  12:26  Marine, Marauder x2  
  124  12:34  Siege Tank  
  128  12:37  SCV x3  
  128  12:39  Marauder  
  132  12:44  Medivac  
  127  12:54  Marauder x2, Marine x2  
  127  12:55  Supply Depot, Marine x2  
  127  12:57  Supply Depot  
  132  13:00  Medivac, SCV x2  
  132  13:01  SCV  
  137  13:17  Armory  
  137  13:19  Engineering Bay  
  141  13:20  Marine x4, Marauder x3  
  147  13:32  Siege Tank  
  116  13:40  Medivac x2  
  114  13:46  Marine x4, Marauder x3  
  121  13:55  Liberator  
  121  13:56  Liberator  
  121  14:04  Marine x3, Siege Tank  
  121  14:08  Marauder x3  
  130  14:25  Marine x2  
  130  14:27  Marine  
  130  14:29  Marauder x3  
  105  14:40  Siege Tank  
  96  14:49  Marine x3  
  96  14:50  Marauder  
  96  14:51  Marauder x2  
  100  14:55  Medivac  
  97  15:12  Medivac, Marauder  
  101  15:20  Marine x3, Marauder x2  
  79  15:30  Siege Tank  
  79  15:33  Marauder  
  67  15:35  Marine  
  67  15:38  Marine x2  
  67  15:41  Marauder  
  67  15:42  Marauder  
Tags
 
Add a new tag
Caveats
  • Supply blocks, unpowered buildings, or Contaminate may cause inaccurate times.
  • Supply counts are checked every 10 seconds.